 Dungeon Crawl Stone Soup version 0.20.1-1-g8b1a95d66d (webtiles) character file.

56 NullDivider the Vexing (level 3, 0/14 HPs)
             Began as a Felid Enchanter on Nov 14, 2017.
             Succumbed to an adder's poison
             ... on level 2 of the Dungeon.
             The game lasted 00:11:35 (2326 turns).

NullDivider the Vexing (Felid Enchanter)            Turns: 2326, Time: 00:11:36

Health: 0/14       AC:  5    Str:  9    XL:     3   Next: 71%
Magic:  2/7        EV: 19    Int: 17    God:
Gold:   85         SH:  4    Dex: 18    Spells: 3/6 levels left
                                        Lives:  0   Deaths: 0

rFire    . . .     SeeInvis +     - Unarmed
rCold    . . .     Gourm    .   (shield unavailable)
rNeg     . . .     Faith    .   (armour unavailable)
rPois    +         Spirit   .   (helmet unavailable)
rElec    .         Reflect  .   (cloak unavailable)
rCorr    .         Harm     .   (gloves unavailable)
MR       .....                  (boots unavailable)
Stlth    +++.......             (no amulet)
Regen    0.1/turn               d - ring of flight
MPRegen  0.1/turn               e - ring of poison resistance

@: mighty, lethally poisoned (0 -> -2), quick
A: no armour, no weapons or thrown items, stealth, claws 1, fangs 3, large bone
plates 1, molten scales 1, thin metallic scales 1, see invisible, agile 1,
carnivore 3, speed 1, shaggy fur 1, slow metabolism 1, sharp paws
a: Evoke Flight


You were on level 2 of the Dungeon.
You were very full.

You visited 1 branch of the dungeon, and saw 2 of its levels.

You collected 85 gold pieces.

Inventory:

Jewellery
 d - a ring of flight (left paw)
 e - a ring of poison resistance (right paw)
Scrolls
 f - a scroll of teleportation
Books
 a - a book of Maledictions

   Spells                             Type                      Level
   a - Corona                         Hexes                        1
   b - Ensorcelled Hibernation        Hexes/Ice                    2
   c - Confuse                        Hexes                        3
   d - Tukima's Dance                 Hexes                        3
   e - Dazzling Spray                 Conjuration/Hexes            3
Comestibles
 b - a meat ration
 g - 3 chunks of flesh


   Skills:
 + Level 3.3 Dodging
 + Level 4.1 Stealth
 + Level 2.0 Unarmed Combat
 * Level 2.4 Spellcasting
 + Level 4.7 Hexes
 * Level 1.0 Ice Magic


You had 3 spell levels left.
You knew the following spells:

 Your Spells              Type           Power        Failure   Level  Hunger
a - Corona                Hex            ###....      2%          1    #......
b - Ensorcelled Hibernat  Hex/Ice        ##....       9%          2    ##.....


Dungeon Overview and Level Annotations

Branches:
Dungeon (2/15)

Altars:
Ru
Vehumet
Xom


Innate Abilities, Weirdness & Mutations

You cannot wear armour.
You are incapable of wielding weapons or throwing items.
Your paws allow you to move quietly. (Stealth)
You have sharp claws.
You have razor-sharp teeth.
You have supernaturally acute eyesight. (SInv)
You are carnivorous and can eat meat at any time.
You cover ground quickly.
You are covered in fur. (AC +1)
You have a slow metabolism.
Your sharp claws are effective at attacking unaware monsters.
You are partially covered in large bone plates. (SH +4)
You are partially covered in molten scales. (AC +2)
You are partially covered in thin metallic scales. (AC +2)
You are agile. (Dex +2)


Message History

You kill the adder!
Your Ice Magic skill increases to level 1!
* * * LOW HITPOINT WARNING * * *
You feel sick.
You see here an adder corpse.
It was a potion of might.
You feel very mighty all of a sudden.
Okay, then.
It was a potion of mutation.
You feel extremely strange.
Molten scales grow over part of your body.
You feel agile.
Thin metallic scales grow over part of your body.
Large bone plates grow over parts of your legs.
As you read the scroll labeled ITUERA ZAINWEI, it crumbles to dust.
You feel strangely unstable.
It was a scroll of teleportation.
* * * LOW HITPOINT WARNING * * *
You feel sick.
Your magical contamination has completely faded away.
Your surroundings suddenly seem different.
You die...

# #. #. ###..
# )...####.###
#####....[...#
.......@.....#
#####........#
#........#
#..........
#..........
#.....####P
.###..# g# .<
..+ #


You could see a hobgoblin (sleeping).

Vanquished Creatures
  2 adders (D:2)
  3 dart slugs (D:1)
  5 bats
  2 giant cockroaches (D:1)
  2 goblins (D:1)
  A hobgoblin (D:1)
  2 ball pythons (D:1)
  3 frilled lizards (D:1)
  8 kobolds (D:1)
  5 rats
33 creatures vanquished.

Notes
Turn   | Place    | Note
-------+----------+-------------------------------------------
     0 | D:1      | NullDivider the Felid Enchanter began the quest for the Orb.
     0 | D:1      | Reached XP level 1. HP: 7/7 MP: 4/4
   697 | D:1      | Reached XP level 2. HP: 9/11 MP: 6/6
   750 | D:1      | Learned a level 2 spell: Ensorcelled Hibernation
  1603 | D:1      | Reached XP level 3. HP: 14/14 MP: 4/7
  2000 | D:1      | Found a hazy altar of Hepliaklqana.
  2002 | D:1      | Found a burning altar of Makhleb.
  2002 | D:1      | Found a shimmering altar of Xom.
  2004 | D:1      | Found a stormy altar of Qazlal.
  2004 | D:1      | Found a stormy altar of Qazlal.
  2004 | D:1      | Found a shadowy altar of Dithmenos.
  2213 | D:2      | Found a radiant altar of Vehumet.
  2252 | D:2      | Found a sacrificial altar of Ru.
  2318 | D:2      | Reached skill level 1 in Ice Magic
  2321 | D:2      | Gained mutation: You are partially covered in molten scales. (AC +2) [potion of mutation]
  2321 | D:2      | Gained mutation: You are agile. (Dex +2) [potion of mutation]
  2321 | D:2      | Gained mutation: You are partially covered in thin metallic scales. (AC +2) [potion of mutation]
  2321 | D:2      | Gained mutation: You are partially covered in large bone plates. (SH +4) [potion of mutation]
  2326 | D:2      | Succumbed to an adder's poison

Skill      XL: |  1  2  3 |
---------------+----------+-----
Dodging        | 3 |  3.3
Unarmed Combat | 2 |  2.0
Ice Magic      | 1 |  1.0
Stealth        | |  4.1
Spellcasting   | |  2.4
Hexes          | |  4.7

Action                   || total
-------------------------++-------
Melee: Unarmed           ||   115
       Bite              ||     7
 Cast: Ensorcelled Hiber ||     8
       Corona            ||     3
  Use: Potion            ||     2
       Scroll            ||     1
 Stab: Sleeping          ||    12
  Eat: Chunk             ||    10
Armor: Skin              ||     6
Dodge: Dodged            ||    84
